APL (24 & UNDER)
DETROIT DIRTY SNOW @ PENSACOLA PILOTS
07/22/2029
 
TOP OF THE 1ST
Detroit Dirty Snow batting - Pitching for Pensacola Pilots : RHP Vincent Hunter
Pitching: RHP Vincent Hunter
Batting: RHB Carlos Salas 0-0: Foul Ball, location: 2F
0-1: Ball
1-1: Ground out 6-3 (Groundball, 6)
Batting: RHB António Aguilera 0-0: Foul Ball, location: 2F
0-1: Fly out, F8 (Flyball, 8LXD)
Pitching: RHP Don Anderson
Batting: RHB Guo-liang Lian 0-0: Ball
1-0: Swinging Strike
1-1: Foul Ball, location: 2F
1-2: Fly out, F5 (Line Drive, 56)
Top of the 1st over - 0 runs, 0 hits, 0 errors, 0 left on base; Detroit 0 - Pensacola 0
BOTTOM OF THE 1ST
Pensacola Pilots batting - Pitching for Detroit Dirty Snow : RHP Chuck Sepúlveda
Pitching: RHP Chuck Sepúlveda
Batting: SHB José Velásquez 0-0: Ball
1-0: Ball
2-0: Foul Ball, location: 2F
2-1: Ball
3-1: Foul Ball, location: 2F
3-2: Base on Balls
Batting: LHB Freddy Torres 0-0: Called Strike
José Velásquez steals 2nd base
0-1: Ground out 4-3 (Groundball, 4)
José Velásquez to third
Batting: SHB Ron Winston 0-0: Ball
1-0: Called Strike
1-1: Ball
2-1: Called Strike
2-2: Ball
3-2: Fly out, F7 (Flyball, 78D)
Runner from 3rd tags up, SCORES, no throw
Batting: LHB Ángel Flores 0-0: Called Strike
0-1: Foul Ball, location: 2F
0-2: SOLO HOME RUN (Flyball, 7LD) (Inside the Park)
Batting: SHB Carlos González 0-0: Ground out 4-3 (Groundball, 4)
Bottom of the 1st over - 2 runs, 1 hit, 0 errors, 0 left on base; Detroit 0 - Pensacola 2
TOP OF THE 2ND
Detroit Dirty Snow batting - Pitching for Pensacola Pilots : RHP Don Anderson
Batting: LHB Luis Salazar 0-0: Called Strike
0-1: Ball
1-1: Swinging Strike
1-2: Ball
2-2: Strikes out looking
Batting: SHB John May 0-0: Reached via error on a dropped throw, E1
Batting: SHB Víctor Torres 0-0: Ball
1-0: Ball
2-0: Called Strike
2-1: Foul Ball, location: 2F
2-2: Ball
3-2: Strikes out swinging
Batting: LHB Lee Jenkins 0-0: Swinging Strike
0-1: Fly out, F9 (Flyball, 9D)
Top of the 2nd over - 0 runs, 0 hits, 1 error, 1 left on base; Detroit 0 - Pensacola 2
BOTTOM OF THE 2ND
Pensacola Pilots batting - Pitching for Detroit Dirty Snow : RHP Chuck Sepúlveda
Batting: RHB Tony Pulla 0-0: Foul Ball, location: 2F
0-1: Ground out 6-3 (Groundball, 6)
Batting: RHB Alfonso Sánchez 0-0: Ball
1-0: Ground out U3 (Groundball, 34)
Batting: RHB Ryan Nelson 0-0: SINGLE (Line Drive, 7S)
Batting: SHB Rodolphe Dettori 0-0: Foul Ball, location: 2F
0-1: SINGLE (Groundball, 6) (infield hit)
Ryan Nelson to second
Batting: SHB José Velásquez 0-0: Ball
1-0: Called Strike
1-1: SINGLE (Flyball, 78S)
Ryan Nelson to third
Rodolphe Dettori to second
Runner from 3rd tries for Home, SAFE, no throw
Batting: LHB Freddy Torres 0-0: Ball
1-0: Called Strike
1-1: Fly out, F9 (Flyball, 89M)
Bottom of the 2nd over - 1 run, 3 hits, 0 errors, 2 left on base; Detroit 0 - Pensacola 3
TOP OF THE 3RD
Detroit Dirty Snow batting - Pitching for Pensacola Pilots : RHP Don Anderson
Batting: RHB Albert Cortéz 0-0: Ball
1-0: Fly out, F5 (Popup, 56S)
Batting: RHB Bobby Hendricks 0-0: Ball
1-0: Foul Ball, location: 2F
1-1: Ball
2-1: Ball
3-1: Base on Balls
Batting: RHB Carlos Salas 0-0: Ball
1-0: Foul Ball, location: 2F
1-1: Ball
2-1: Swinging Strike
2-2: Strikes out swinging
Batting: RHB António Aguilera Pickoff Throw to First - Out!
Top of the 3rd over - 0 runs, 0 hits, 0 errors, 0 left on base; Detroit 0 - Pensacola 3
BOTTOM OF THE 3RD
Pensacola Pilots batting - Pitching for Detroit Dirty Snow : RHP Chuck Sepúlveda
Batting: SHB Ron Winston 0-0: Ball
1-0: Ball
2-0: Foul Ball, location: 2F
2-1: SINGLE (Flyball, 78M)
Batting: LHB Ángel Flores 0-0: Ball
1-0: Foul Ball, location: 2F
1-1: Foul Ball, location: 2F
1-2: Strikes out swinging
Batting: SHB Carlos González 0-0: Called Strike
0-1: Ball
1-1: Foul Ball, location: 2F
1-2: Grounds into double play, 4-6-3 (Groundball, 4)
Bottom of the 3rd over - 0 runs, 1 hit, 0 errors, 0 left on base; Detroit 0 - Pensacola 3
TOP OF THE 4TH
Detroit Dirty Snow batting - Pitching for Pensacola Pilots : RHP Don Anderson
Batting: RHB António Aguilera 0-0: Bunt missed!
0-1: SINGLE (Groundball, 6MD)
Batting: RHB Guo-liang Lian 0-0: Ball
1-0: TRIPLE (Line Drive, 7D)
António Aguilera scores
Batting: LHB Luis Salazar 0-0: Called Strike
0-1: Ground out 4-3 (Groundball, 4S)
Guo-liang Lian scores
Batting: SHB John May 0-0: Ground out U3 (Groundball, 34)
Batting: SHB Víctor Torres 0-0: Ball
1-0: Ball
2-0: Called Strike
2-1: Ball
3-1: Called Strike
3-2: Base on Balls
Batting: LHB Lee Jenkins 0-0: Called Strike
0-1: Fly out, F4 (Flyball, 34D)
Top of the 4th over - 2 runs, 2 hits, 0 errors, 1 left on base; Detroit 2 - Pensacola 3
BOTTOM OF THE 4TH
Pensacola Pilots batting - Pitching for Detroit Dirty Snow : RHP Chuck Sepúlveda
Batting: RHB Tony Pulla 0-0: Ball
1-0: Ball
2-0: Ball
3-0: Called Strike
3-1: Base on Balls
Batting: RHB Alfonso Sánchez 0-0: Ball
1-0: Called Strike
1-1: Ball
Wild Pitch!
Tony Pulla to second
2-1: Ground out 3-1 (Groundball, 34S)
Tony Pulla to third
Batting: RHB Ryan Nelson 0-0: Ball
1-0: Foul Ball, location: 2F
1-1: Foul Ball, location: 2F
1-2: Strikes out looking
Batting: SHB Rodolphe Dettori 0-0: Ball
1-0: Foul Ball, location: 2F
1-1: Called Strike
1-2: Foul Ball, location: 2F
1-2: Foul Ball, location: 2F
1-2: Strikes out swinging
Bottom of the 4th over - 0 runs, 0 hits, 0 errors, 1 left on base; Detroit 2 - Pensacola 3
TOP OF THE 5TH
Detroit Dirty Snow batting - Pitching for Pensacola Pilots : RHP Don Anderson
Batting: RHB Albert Cortéz 0-0: Swinging Strike
0-1: Swinging Strike
0-2: Ball
1-2: Ball
2-2: Ball
3-2: Base on Balls
Batting: RHB Bobby Hendricks 0-0: Called Strike
0-1: Ball
1-1: Foul Ball, location: 2F
1-2: Ball
2-2: Ball
3-2: Base on Balls
Albert Cortéz to second
Batting: RHB Carlos Salas 0-0: Foul Ball, location: 2F
0-1: Ball
1-1: Ball
2-1: Called Strike
2-2: Strikes out swinging
Pitching: LHP Mario Lugo
Batting: RHB António Aguilera 0-0: Ball
1-0: Ball
2-0: Called Strike
2-1: Foul Ball, location: 2F
2-2: Ball
3-2: Foul Ball, location: 2F
3-2: Strikes out swinging
Batting: RHB Guo-liang Lian 0-0: Called Strike
0-1: Ground out 3-1 (Groundball, 34S)
Top of the 5th over - 0 runs, 0 hits, 0 errors, 2 left on base; Detroit 2 - Pensacola 3
BOTTOM OF THE 5TH
Pensacola Pilots batting - Pitching for Detroit Dirty Snow : RHP Chuck Sepúlveda
Batting: SHB José Velásquez 0-0: Foul Ball, location: 2F
0-1: SINGLE (Groundball, 34D)
Batting: LHB Freddy Torres Pickoff Throw to First - Error! E1
José Velásquez to second
0-0: Ball
1-0: Called Strike
1-1: Fly out, F3 (Popup, 3SF)
Batting: SHB Ron Winston 0-0: Called Strike
0-1: Foul Ball, location: 2F
0-2: Ball
1-2: Strikes out swinging
Pitching: RHP Mark Messier
Batting: LHB Ángel Flores 0-0: Ball
1-0: Ball
2-0: Ball
3-0: Called Strike
3-1: Swinging Strike
3-2: Fly out, F1 (Line Drive, 15)
Bottom of the 5th over - 0 runs, 1 hit, 1 error, 1 left on base; Detroit 2 - Pensacola 3
TOP OF THE 6TH
Detroit Dirty Snow batting - Pitching for Pensacola Pilots : LHP Mario Lugo
Batting: LHB Luis Salazar 0-0: Called Strike
0-1: Ball
1-1: Foul Ball, location: 2F
1-2: Ball
2-2: Foul Ball, location: 2F
2-2: Ball
3-2: Foul Ball, location: 2F
3-2: Base on Balls
Batting: SHB John May 0-0: Ball
1-0: Swinging Strike
1-1: Ball
2-1: Ball
3-1: Base on Balls
Luis Salazar to second
Batting: SHB Víctor Torres 0-0: Called Strike
0-1: Called Strike
0-2: Ball
1-2: SINGLE (Groundball, 56D)
Luis Salazar to third
John May to second
Runner from 3rd tries for Home, SAFE, no throw
Batting: LHB Lee Jenkins 0-0: Ball
1-0: Ball
2-0: Foul Ball, location: 2F
2-1: Called Strike
2-2: Fly out, F1 (Line Drive, 13)
Batting: RHB Albert Cortéz 0-0: Ball
1-0: Ball
2-0: Ball
3-0: Called Strike
3-1: Base on Balls
John May to third
Víctor Torres to second
Batting: RHB Bobby Hendricks 0-0: SINGLE (Groundball, 56D)
John May scores
Víctor Torres to third
Albert Cortéz to second
Runner from 3rd tries for Home, throw and OUT!
Batting: RHB Carlos Salas 0-0: Foul Ball, location: 2F
0-1: Swinging Strike
0-2: Strikes out swinging
Top of the 6th over - 2 runs, 2 hits, 0 errors, 2 left on base; Detroit 4 - Pensacola 3
BOTTOM OF THE 6TH
Pensacola Pilots batting - Pitching for Detroit Dirty Snow : RHP Mark Messier
Batting: SHB Carlos González 0-0: Ball
1-0: Swinging Strike
1-1: Ball
2-1: Foul Ball, location: 2F
2-2: Foul Ball, location: 2F
2-2: Ball
3-2: Ground out 3-1 (Groundball, 34)
Batting: RHB Tony Pulla 0-0: Ball
1-0: Ball
2-0: Foul Ball, location: 2F
2-1: Fly out, F7 (Flyball, 7)
Batting: RHB Alfonso Sánchez 0-0: Called Strike
0-1: Swinging Strike
0-2: Ball
1-2: Strikes out swinging
Bottom of the 6th over - 0 runs, 0 hits, 0 errors, 0 left on base; Detroit 4 - Pensacola 3
TOP OF THE 7TH
Detroit Dirty Snow batting - Pitching for Pensacola Pilots : LHP Mario Lugo
Batting: RHB António Aguilera 0-0: Ball
1-0: Ball
2-0: Ball
3-0: SINGLE (Flyball, 7S)
Pinch Hitting: RHB Manuel Flores 0-0: Ball
1-0: Ball
2-0: Ground out U3 (Groundball, 34S)
António Aguilera to second
Batting: LHB Luis Salazar 0-0: Foul Ball, location: 2F
0-1: Ball
1-1: Ball
Wild Pitch!
António Aguilera to third
2-1: Foul Ball, location: 2F
2-2: Foul Ball, location: 2F
2-2: Ball
3-2: Strikes out swinging
Batting: SHB John May 0-0: Ground out 6-3 (Groundball, 6)
Top of the 7th over - 0 runs, 1 hit, 0 errors, 1 left on base; Detroit 4 - Pensacola 3
BOTTOM OF THE 7TH
Pensacola Pilots batting - Pitching for Detroit Dirty Snow : RHP Mark Messier
Now in CF: Wosene Garane
Batting: RHB Ryan Nelson 0-0: Ball
1-0: Ball
2-0: Swinging Strike
2-1: Called Strike
2-2: Strikes out looking
Batting: SHB Rodolphe Dettori 0-0: Called Strike
0-1: Ball
1-1: Fly out, F7 (Flyball, 7LM)
Batting: SHB José Velásquez 0-0: Ball
1-0: Swinging Strike
1-1: Ground out 1-3 (Groundball, 13S)
Bottom of the 7th over - 0 runs, 0 hits, 0 errors, 0 left on base; Detroit 4 - Pensacola 3
TOP OF THE 8TH
Detroit Dirty Snow batting - Pitching for Pensacola Pilots : LHP Mario Lugo
Batting: SHB Víctor Torres 0-0: Called Strike
0-1: Ball
1-1: Foul Ball, location: 2F
1-2: Foul Ball, location: 2F
1-2: Ball
2-2: Ground out 6-3 (Groundball, 6S)
Pitching: RHP Rubén Rocha
Batting: LHB Lee Jenkins 0-0: Fly out, F8 (Line Drive, 8LS)
Batting: RHB Albert Cortéz 0-0: Ball
1-0: Ball
2-0: Foul Ball, location: 2F
2-1: Called Strike
2-2: Foul Ball, location: 2F
2-2: Strikes out looking
Top of the 8th over - 0 runs, 0 hits, 0 errors, 0 left on base; Detroit 4 - Pensacola 3
BOTTOM OF THE 8TH
Pensacola Pilots batting - Pitching for Detroit Dirty Snow : RHP Mark Messier
Batting: LHB Freddy Torres 0-0: Ball
1-0: Foul Ball, location: 2F
1-1: Called Strike
1-2: Ball
2-2: Ground out 4-3 (Groundball, 4S)
Batting: SHB Ron Winston 0-0: Ball
1-0: Ball
2-0: Ball
3-0: Base on Balls
Batting: LHB Ángel Flores 0-0: Called Strike
0-1: Foul Ball, location: 2F
0-2: Ball
1-2: Foul Ball, location: 2F
1-2: Ball
2-2: Foul Ball, location: 2F
2-2: Strikes out swinging
Batting: SHB Carlos González 0-0: SINGLE (Groundball, 6) (infield hit)
Ron Winston to second
Pinch Hitting: SHB Ken Austin 0-0: Ball
1-0: Ball
2-0: Ball
3-0: Base on Balls
Ron Winston to third
Carlos González to second
Batting: RHB Alfonso Sánchez 0-0: Ball
1-0: Called Strike
1-1: Swinging Strike
1-2: Strikes out looking
Bottom of the 8th over - 0 runs, 1 hit, 0 errors, 3 left on base; Detroit 4 - Pensacola 3
TOP OF THE 9TH
Detroit Dirty Snow batting - Pitching for Pensacola Pilots : RHP Rubén Rocha
Now in LF: Ken Austin
Batting: RHB Bobby Hendricks 0-0: Foul Ball, location: 2F
0-1: Ball
1-1: SINGLE (Line Drive, 34)
Pinch Runner at 1st Phil Poole:
Batting: RHB Carlos Salas 0-0: Called Strike
Phil Poole steals 2nd base
0-1: Foul Ball, location: 2F
0-2: Ground out 5-3 (Groundball, 56S)
Phil Poole to third
Batting: RHB António Aguilera 0-0: Intentional Walk
Pinch Hitting: SHB Martin Goodwin 0-0: Called Strike
0-1: Ball
1-1: Ball
2-1: Swinging Strike
2-2: Strikes out swinging
Batting: LHB Luis Salazar 0-0: Ball
1-0: Ball
2-0: SINGLE (Groundball, 6S) (infield hit)
Phil Poole scores
António Aguilera to second
Batting: SHB John May 0-0: Ball
1-0: Ball
2-0: Ball
3-0: Base on Balls
António Aguilera to third
Luis Salazar to second
Batting: SHB Víctor Torres 0-0: Called Strike
0-1: Ball
1-1: Ball
2-1: Ball
3-1: Foul Ball, location: 2F
3-2: Foul Ball, location: 2F
3-2: Foul Ball, location: 2F
3-2: Base on Balls
António Aguilera scores
Luis Salazar to third
John May to second
Batting: LHB Lee Jenkins 0-0: Foul Ball, location: 2F
0-1: Ball
1-1: Ball
2-1: Called Strike
2-2: Ball
3-2: Foul Ball, location: 2F
3-2: Ground out 3-1 (Groundball, 34S)
Top of the 9th over - 2 runs, 2 hits, 0 errors, 3 left on base; Detroit 6 - Pensacola 3
BOTTOM OF THE 9TH
Pensacola Pilots batting - Pitching for Detroit Dirty Snow : RHP Mark Messier
Pitching: LHP Sancho Espinoza
Now at C: Martin Goodwin
Now in LF: Phil Poole
Batting: RHB Ryan Nelson 0-0: Foul Ball, location: 2F
0-1: Fly out, F8 (Line Drive, 8RS)
Batting: SHB Rodolphe Dettori 0-0: Ball
1-0: Ball
2-0: Foul Ball, location: 2F
2-1: Swinging Strike
2-2: Strikes out looking
Batting: SHB José Velásquez 0-0: Ball
1-0: Ball
2-0: DOUBLE (Flyball, 8RD)
Batting: LHB Freddy Torres 0-0: Fly out, F8 (Flyball, 8RS)
Bottom of the 9th over - 0 runs, 1 hit, 0 errors, 1 left on base; Detroit 6 - Pensacola 3
Saturday, December 16th, 2017 - OOTP Baseball 18.8 Build 76